 Dungeon Crawl Stone Soup version 0.30-a0-134-gb40fab5c76 (webtiles) character file.

Game seed: 14523460558750089771

933 scionoferis the Cleaver (level 8, -2/70 HPs)
             Began as a Meteoran Berserker on Sept 19, 2022.
             Was a Believer of Trog.
             Slain by an orc warrior
             ... wielding a +0 mace
              (13 damage)
             ... on level 5 of the Dungeon.
             The game lasted 00:15:55 (2286 turns).

scionoferis the Cleaver (Meteoran Berserker)        Turns: 2286, Time: 00:15:56

Health: -2/70      AC: 12    Str: 21    XL:     8   Next: 59%
Magic:  9/9        EV:  8    Int:  8    God:    Trog [**....]
Gold:   275        SH:  0    Dex: 14    Spells: 7/7 levels left

rFire   . . .      SeeInvis .    a - +0 hand axe
rCold   . . .      Faith    .    (no shield)
rNeg    . . .      Spirit   .    z - +0 chain mail
rPois   .          Reflect  .    (no helmet)
rElec   .          Harm     .    r - +0 cloak
rCorr   .          Rampage  .    (no gloves)
Will    +....                    i - +0 pair of boots
Stlth   ..........               j - amulet of the acrobat
HPRegen 0.21/turn                (no ring)
MPRegen 0.11/turn                (no ring)

@: on berserk cooldown, hasted, glowing, invisible (but backlit and visible),
very quick
A: sense surroundings 1, otherworldly, glowing, explore regen
a: Renounce Religion, Berserk, Trog's Hand


You were on level 5 of the Dungeon.
You worshipped Trog.
Trog was pleased with you.
You visited 1 branch of the dungeon, and saw 5 of its levels.

You collected 275 gold pieces.

Inventory:

Hand Weapons
 a - a +0 hand axe (weapon)
 h - a +0 sling
 o - a +0 flail
 v - a +2 flail of holy wrath
Armour
 i - a +0 pair of boots (worn)
 r - a +0 cloak (worn)
 z - a +0 chain mail (worn)
 D - a +2 leather armour of fire resistance
Jewellery
 b - a ring of fire
 j - an amulet of the acrobat (around neck)
Wands
 m - a wand of flame (13)
Scrolls
 d - a scroll of blinking
 e - a scroll of vulnerability
 n - a scroll of poison {unknown}
 p - a scroll of magic mapping {unknown}
 q - 2 scrolls of fear {unknown}
 s - a scroll of enchant armour {unknown}
 y - a scroll of enchant weapon {unknown}
 A - 3 scrolls of teleportation {unknown}
 C - a scroll of butterflies {unknown}
Potions
 c - 2 potions of mutation {unknown}
 f - 2 potions of flight {unknown}
 g - 2 potions of invisibility
 k - a potion of cancellation {unknown}
 l - 2 potions of attraction {unknown}
 t - a potion of lignification {unknown}
 u - a potion of haste
 w - a potion of degeneration {unknown}
 x - a potion of might {unknown}
 B - 2 potions of curing
 E - a potion of magic {unknown}


   Skills:
 + Level 6.0 Fighting
 * Level 8.8 Axes
 + Level 5.3 Armour
 - Level 2.4 Dodging


You had 7 spell levels left.
You didn't know any spells.
Your spell library was empty.

Dungeon Overview and Level Annotations

Branches:
Dungeon (5/15) Zot: 691
 Temple: D:4-7

Altars:
Uskayaw


Innate Abilities, Weirdness & Mutations

You passively map a small area around you.
You are easily found by Zot.
You glow in the dark.
You regain HP and MP as you explore.


Message History

The orc priest looks braver for a moment.
The orc warrior hits you with a +0 mace!
You closely miss the orc warrior.
The orc warrior hits you but does no damage.
You hit the orc warrior but do no damage.
The orc warrior hits you with a +0 mace!
The orc warrior hits you with a +0 mace.
You hit the orc warrior.
The orc warrior is moderately wounded.
The orc warrior barely misses you.
You hit the orc warrior. Your punch misses the orc warrior.
The orc warrior is moderately wounded.
You feel the effects of Trog's Hand fading.
The orc warrior hits you with a +0 mace.
It was a potion of invisibility.
You become transparent, but the glow from your body prevents you from becoming completely invisible.
The orc warrior hits you with a +0 mace.
The orc warrior hits you but does no damage.
You hit the orc warrior.
The orc warrior is moderately wounded.
The orc warrior hits you but does no damage.
You hit the orc warrior.
The orc warrior is heavily wounded.
You feel yourself speed up.
The orc warrior hits you with a +0 mace!
It was a potion of curing.
You feel better.
The orc warrior hits you with a +0 mace.
You hit the orc warrior.
The orc warrior is severely wounded.
Your skin stops crawling.
You feel less strong-willed.
The orc warrior hits you with a +0 mace.
* * * LOW HITPOINT WARNING * * *
The orc priest calls down the wrath of Beogh upon you.
Beogh smites you!
* * * LOW HITPOINT WARNING * * *
Okay, then.
Unknown command.
It was a potion of haste.
You feel yourself speed up.
The orc warrior hits you with a +0 mace!
You die... # # , # * * # , , ...########## # ........o.{o# # , ######.####o# # oo.

,##@################
#.o#(
*#..................
* #.#8o
#....##############.
.$. .. ##...#
*#######) , ##. ...
#...# ........ , #,
.8. #...# *........
* ,##..# *........ ,
,#..# ........ **
#..# * ........


You could see an orc warrior and an orc priest.

Vanquished Creatures
  Sigmund (D:3)
  Edmund (D:5)
  A water moccasin (D:4)
  A black bear (D:4)
  An ogre (D:5)
  2 hounds (D:4)
  Crazy Yiuf (D:2)
  2 jellies
  An orc wizard (D:3)
  Natasha (thrice) (D:2)
  6 adders
  A gnoll (D:4)
  2 orcs (D:3)
  6 ball pythons
  4 endoplasms
  11 goblins
  7 hobgoblins
  4 jackals
  2 quokkas
  2 bats
  4 frilled lizards
  6 kobolds
  4 rats (D:1)
73 creatures vanquished.

Notes
Turn   | Place    | Note
-------+----------+-------------------------------------------
     0 | D:1      | scionoferis the Meteoran Berserker began the quest for the
                  | Orb.
     0 | D:1      | Reached XP level 1. HP: 19/19 MP: 2/2
    45 | D:1      | Reached skill level 4 in Axes
    45 | D:1      | Reached XP level 2. HP: 16/26 MP: 3/3
   312 | D:1      | Reached XP level 3. HP: 31/31 MP: 4/4
   392 | D:1      | Reached ** piety under Trog
   495 | D:1      | Glimpsed the power of Zot.
   594 | D:2      | Reached skill level 5 in Axes
   594 | D:2      | Reached XP level 4. HP: 29/40 MP: 5/5
   676 | D:2      | Noticed Natasha
   688 | D:2      | Killed Natasha
   718 | D:2      | Found a runed translucent door.
   718 | D:2      | Noticed Natasha
   718 | D:2      | Noticed Crazy Yiuf
   725 | D:2      | Killed Crazy Yiuf
   726 | D:2      | Reached XP level 5. HP: 46/46 MP: 6/6
   728 | D:2      | Killed Natasha
   948 | D:2      | Found a faded altar of an unknown god.
  1080 | D:2      | Noticed Natasha
  1088 | D:2      | Glimpsed the power of Zot.
  1091 | D:2      | Killed Natasha
  1092 | D:2      | Reached skill level 6 in Axes
  1092 | D:2      | Reached XP level 6. HP: 48/53 MP: 7/7
  1138 | D:2      | Glimpsed the power of Zot.
  1216 | D:3      | Noticed Sigmund
  1229 | D:3      | Killed Sigmund
  1230 | D:3      | Reached skill level 5 in Fighting
  1230 | D:3      | Reached skill level 7 in Axes
  1230 | D:3      | Reached XP level 7. HP: 61/61 MP: 8/8
  1830 | D:4      | Found a hide-covered altar of Uskayaw.
  1911 | D:4      | Noticed a water moccasin
  1923 | D:4      | Killed a water moccasin
  1924 | D:4      | Reached XP level 8. HP: 69/69 MP: 9/9
  1936 | D:4      | Reached skill level 8 in Axes
  2131 | D:5      | Entered Level 5 of the Dungeon
  2221 | D:5      | Reached skill level 5 in Armour
  2235 | D:5      | Noticed Edmund
  2249 | D:5      | Killed Edmund
  2286 | D:5      | Slain by an orc warrior

Illustrated notes

Levels and vault maps discovered:
D:1:      minmay_arrival_stone_box, layout_loops_ring
D:2:      layout_loops_corners, shapermc_ecumenical_altar_ellora,
          amcnicky_mini_pool_small, uniq_crazy_yiuf_cottage, uniq_natasha
D:3:      layout_loops_cross, chequers_serial_rivers_micro_c,
          wad_floor_pattern_2, uniq_sigmund
D:4:      layout_basic, lemuel_crystal_altar, minmay_ruptured
D:5:      layout_basic, minitemple, minmay_temple_entry_butterflies,
          guppyfry_early_orc_mine, uniq_edmund

Skill      XL: |  1  2  3  4  5  6  7  8 |
---------------+-------------------------+-----
Axes           | 4 5 6 7 8 |  8.8
Fighting       | 4 5 6 |  6.0
Armour         | 3 4 5 |  5.3
Dodging        | |  2.4

Action                   |  1- 3 |  4- 6 |  7- 9 || total
-------------------------+-------+-------+-------++-------
Melee: Hand axe          |    65 |    80 |   122 ||   267
       Punch             |     3 |     3 |     3 ||     9
Invok: Berserk           |       |     2 |     2 ||     4
       Trog's Hand       |       |       |     1 ||     1
  Use: Scroll            |       |       |     3 ||     3
       Potion            |       |       |     3 ||     3
Armor: Animal skin       |    12 |       |       ||    12
       Ring mail         |       |    34 |       ||    34
       Chain mail        |       |       |    57 ||    57
Dodge: Dodged            |    40 |    41 |    31 ||   112

Table legend: (Time is in decaauts)
 A = Elapsed time spent in this place.
 B = Non-inter-level travel time spent in this place.
 C = Inter-level travel time spent in this place.
 D = Time resting spent in this place.
 E = Time spent auto-exploring this place.
 F = Levels seen in this place.
 G = Mean time per level.
                   A        B        C        D        E       F      G
               +--------+--------+--------+--------+--------+-----+--------+
         Total |   2307 |   2189 |    118 |      0 |      0 |   5 |  461.4 |
       Dungeon |   2307 |   2189 |    118 |      0 |      0 |   5 |  461.4 |
               +--------+--------+--------+--------+--------+-----+--------+

Top non-repeatable levels by time:
     D:2: 665 daAuts
     D:1: 516 daAuts
     D:4: 499 daAuts
     D:3: 467 daAuts
     D:5: 158 daAuts
